 Dungeon Crawl Stone Soup version 0.30-a0-948-g4fa250aae5 (webtiles) character file.

Game seed: 1185008022392681588

3606 Demosthentine the Nimble (level 9, -7/68 (72) HPs)
             Began as a Demonspawn Gladiator on Mar 27, 2023.
             Was an Initiate of Hepliaklqana.
             Mangled by Joseph
             ... wielding a +0 quarterstaff
              (15 damage)
             ... on level 7 of the Dungeon.
             The game lasted 00:07:54 (9146 turns).

Demosthentine the Nimble (Demonspawn Gladiator)     Turns: 9146, Time: 00:07:55

HP:   -7/68 (72)    AC:  7    Str: 22    XL:     9   Next: 86%
MP:   9/9           EV: 17    Int: 11    God:    Hepliaklqana [......]
Gold: 387           SH:  0    Dex: 18    Spells: 8/8 levels left

rFire   + . .      SeeInvis .    h - +3 spear (freeze)
rCold   . . .      Faith    .    (no shield)
rNeg    . . .      Spirit   .    s - +0 leather armour of Revit {Dex+2}
rPois   .          Reflect  .    c - +0 helmet
rElec   .          Rampage  .    (no cloak)
rCorr   .                        (no gloves)
Will    .....                    (no boots)
Stlth   +                        (no amulet)
HPRegen 0.31/turn                m - ring of protection from fire
MPRegen 0.11/turn                q - +6 ring of strength

@: studying Dodging, drained, invisible
A: foul stench 1, powered by pain 1, sharp scales 2
a: Renounce Religion


You were on level 7 of the Dungeon.
You worshipped Hepliaklqana.
Hepliaklqana was noncommittal.
You visited 2 branches of the dungeon, and saw 8 of its levels.

You collected 387 gold pieces.

Inventory:

Hand Weapons
 h - a +3 spear of freezing (weapon)
Missiles
 e - 5 javelins (quivered)
 w - 33 poisoned darts
Armour
 c - a +0 helmet (worn)
 s - the +0 leather armour of Revit (worn) {Dex+2}
   (You found it on level 4 of the Dungeon)

   Dex:       It affects your dexterity (+2).
Jewellery
 m - a ring of protection from fire (left hand)
 q - a +6 ring of strength (right hand)
Wands
 g - a wand of digging (6)
 i - a wand of iceblast (10)
 r - a wand of charming (12)
Scrolls
 l - 2 scrolls of fear
 n - a scroll of blinking
 t - 2 scrolls of teleportation
Potions
 b - a potion of cancellation
 f - 2 potions of flight
 k - 5 potions of curing


   Skills:
 + Level 7.3 Fighting
 + Level 7.0 Polearms
 - Level 1.7 Throwing
 + Level 6.3 Armour
 + Level 9.5 Dodging


You had 8 spell levels left.
You didn't know any spells.
Your spell library contained the following spells:

 Spells                   Type           Power      Damage    Failure   Level
 Beastly Appendage        Tmut           0%         N/A       38%         1
 Blink                    Tloc           0%         N/A       52%         2
 Ensorcelled Hibernation  Hex/Ice        0%         N/A       52%         2
 Passwall                 Tmut/Erth      0%         N/A       52%         2
 Wereblood                Tmut           0%         N/A       52%         2
 Spider Form              Tmut/Pois      0%         N/A       77%         3
 Swiftness                Air            0%         N/A       77%         3
 Manifold Assault         Tloc           0%         N/A       99%         4
 Storm Form               Tmut/Air       0%         N/A       100%        7


Dungeon Overview and Level Annotations

Branches:
Dungeon (7/15)             Temple (1/1) D:5

Altars:
Ashenzari
Cheibriados
Dithmenos
Fedhas
Gozag
Hepliaklqana
Makhleb
Nemelex Xobeh
Okawaru
Ru
Sif Muna
Uskayaw
Vehumet
Wu Jian
Xom
Yredelemnul

Shops:
D:1 [   D:2 (

Annotations:
D:3 2 transporters, juan097's ghost, amateur VSFi
D:7 1 runed translucent door, Crazy Yiuf; Joseph


Innate Abilities, Weirdness & Mutations

You may rarely emit foul miasma when damaged in melee.
You sometimes gain a little power by taking damage.
You are mostly covered in razor-sharp scales. (AC +2, Slay +2)


Message History

Joseph hits you with a +0 quarterstaff.
Unknown command.
You hit Joseph but do no damage.
Joseph is lightly wounded.
You closely miss Joseph.
Joseph is lightly wounded.
Joseph completely misses you.
You puncture Joseph! You freeze Joseph.
Joseph is moderately wounded.
Joseph hits you with a +0 quarterstaff!
You hit Joseph but do no damage.
Joseph is moderately wounded.
Joseph barely misses you.
You barely miss Joseph.
Joseph is moderately wounded.
You hit Joseph. You freeze Joseph.
Joseph is moderately wounded.
Joseph hits you but does no damage.
You hit Joseph. You freeze Joseph.
Joseph is moderately wounded.
Joseph hits you with a +0 quarterstaff!
* * * LOW HITPOINT WARNING * * *
Throw: throwing net
Press: ? - help, Q - select action, (/) - cycle Shift-Dir - straight line, f/p - Joseph
Aim: Joseph, wielding a +0 quarterstaff and wearing a +0 ring mail (moderately wounded, 69% to hit)
You throw a throwing net. The throwing net closely misses Joseph.
Joseph closely misses you.
You fade into invisibility!
Joseph hits you with a +0 quarterstaff!
* * * LOW HITPOINT WARNING * * *
You catch the helpless Joseph completely off-guard!
You hit Joseph. You freeze Joseph.
Joseph is moderately wounded.
Unknown command.
You hit Joseph. You freeze Joseph.
Joseph is heavily wounded.
You hit Joseph. You freeze Joseph.
Joseph is heavily wounded.
Joseph hits you with a +0 quarterstaff!
You die...

#...........###.#.##.#
###..#####...........#
#..# #######)####
#...z.[.#
######.(...)..##
######.##
#......###.....## #.#
#......##...<...###
#.#
#......##.......##.
#.#
#................^.
#.#
#.@.<..###.....###.
#..###@....>........#
##
#...........#######.#
#.._(..###### #...#
#..8..## #.###
#.._..###### #.#
#..........# #.#
##...#####.######.#
#....####.........#


You could see Joseph (unable to see you).

Vanquished Creatures
  2 ice devils (D:7)
  2 freezing wraiths (D:7)
  Grinder (D:6)
  Sigmund (D:6)
  Edmund (D:6)
  2 water moccasins
  2 black bears (D:5)
  2 ogres
  A phantom (D:6)
  A kobold brigand (D:5)
  3 bullfrogs
  6 scorpions
  9 wights
  A jelly (D:5)
  An orc priest (D:4)
  3 hounds
  2 iguanas
  An orc wizard (D:4)
  Ijyb (D:3)
  8 adders
  A shadow imp (D:6)
  3 white imps
  2 ufetubi
  2 worms
  A dart slug (D:2)
  20 orcs
  4 bats
  11 endoplasms
  A giant cockroach (D:3)
  10 goblins
  7 hobgoblins
  4 jackals (D:3)
  24 kobolds
  6 quokkas
  5 ball pythons
  3 frilled lizards
  8 rats
162 creatures vanquished.

Vanquished Creatures (others)
  17 plants (D:5)
17 creatures vanquished.

Grand Total: 179 creatures vanquished

Notes
Turn   | Place    | Note
-------+----------+-------------------------------------------
     0 | D:1      | Demosthentine the Demonspawn Gladiator began the quest for
                  | the Orb.
     0 | D:1      | Reached XP level 1. HP: 16/16 MP: 1/1
   119 | D:1      | Gained mutation: You may rarely emit foul miasma when
                  | damaged in melee. [demonic ancestry]
   119 | D:1      | Reached XP level 2. HP: 22/22 MP: 2/2
   217 | D:1      | Found a faded altar of an unknown god.
   475 | D:1      | Reached skill level 3 in Dodging
   712 | D:1      | Found Ubipimet's Antique Armour Shop.
   777 | D:2      | Reached skill level 1 in Armour
   806 | D:2      | Gained mutation: You are partially covered in razor-sharp
                  | scales. (AC +1, Slay +1) [demonic ancestry]
   806 | D:2      | Reached XP level 3. HP: 28/28 MP: 3/3
  1315 | D:2      | Found Diakerr's Antique Weapon Boutique.
  1580 | D:2      | Identified a scroll of acquirement
  1580 | D:2      | Acquired a manual of Dodging
  1801 | D:3      | Gained mutation: You sometimes gain a little power by
                  | taking damage. [demonic ancestry]
  1801 | D:3      | Reached XP level 4. HP: 34/34 MP: 4/4
  2154 | D:3      | Found a transporter.
  2155 | D:3      | Noticed an ogre
  2156 | D:3      | Noticed an ogre
  2156 | D:3      | Noticed juan097's ghost (amateur VSFi)
  2160 | D:3      | Identified the +6 giant spiked club "Ykai" {speed, Str+3
                  | Int+3}
  2160 | D:3      | Noticed an ogre
  2301 | D:3      | Noticed Ijyb
  2307 | D:3      | Killed Ijyb
  2308 | D:3      | Gained mutation: You are mostly covered in razor-sharp
                  | scales. (AC +2, Slay +2) [demonic ancestry]
  2308 | D:3      | Reached XP level 5. HP: 38/41 MP: 5/5
  2472 | D:3      | Found a transporter.
  2691 | D:4      | Reached skill level 4 in Dodging
  3333 | D:4      | Identified the +0 leather armour of Revit {Dex+2}
  3452 | D:4      | Reached XP level 6. HP: 47/47 MP: 6/6
  4032 | D:5      | Entered Level 5 of the Dungeon
  4071 | D:5      | Found an iron altar of Okawaru.
  4283 | D:5      | Reached skill level 5 in Dodging
  4538 | D:5      | Reached XP level 7. HP: 54/54 MP: 7/7
  4735 | D:5      | Found a staircase to the Ecumenical Temple.
  4762 | Temple   | Entered the Ecumenical Temple
  4819 | Temple   | Became a worshipper of Hepliaklqana the Forgotten
  5049 | D:5      | Reached skill level 6 in Dodging
  5765 | D:6      | Noticed Edmund
  5798 | D:6      | Killed Edmund
  5799 | D:6      | Reached skill level 5 in Fighting
  5799 | D:6      | Reached skill level 5 in Polearms
  5799 | D:6      | Reached XP level 8. HP: 58/62 MP: 8/8
  6008 | D:6      | Noticed Sigmund
  6437 | D:6      | Killed Sigmund
  6438 | D:6      | Reached skill level 7 in Dodging
  6717 | D:6      | Reached skill level 5 in Armour
  6814 | D:6      | Noticed Grinder
  6830 | D:6      | Killed Grinder
  6831 | D:6      | Reached skill level 8 in Dodging
  6831 | D:6      | Reached XP level 9. HP: 63/69 MP: 9/9
  7737 | D:7      | Noticed an ice devil
  7754 | D:7      | Killed an ice devil
  8003 | D:7      | Noticed an ice devil
  8033 | D:7      | Killed an ice devil
  8207 | D:7      | Found the +8 frozen axe "Frostbite" {freeze, freezing
                  | cloud, *Noise Fly rC+}
  8208 | D:7      | Noticed a freezing wraith
  8233 | D:7      | Killed a freezing wraith
  8234 | D:7      | Reached skill level 9 in Dodging
  8427 | D:7      | Noticed a freezing wraith
  8480 | D:7      | Killed a freezing wraith
  8520 | D:7      | Found a snail-covered altar of Cheibriados.
  8656 | D:7      | Found a runed translucent door.
  8657 | D:7      | Noticed Crazy Yiuf
  8679 | D:7      | Found a sacrificial altar of Ru.
  9120 | D:7      | Found an opulent altar of Gozag.
  9123 | D:7      | Found an ornate altar of the Wu Jian Council.
  9125 | D:7      | Noticed Joseph
  9146 | D:7      | Mangled by Joseph

Illustrated notes

Levels and vault maps discovered:
D:1:      lightli_arrival_lavapool, layout_basic, serial_shops,
          nicolae_square_shop, shapermc_ecumenical_altar_mp_highgroup
D:2:      layout_basic, serial_shops, nicolae_shop_statue_plus
D:3:      minmay_bubble_buster, layout_rooms, gammafunk_ghost_smash,
          grunt_decor_mini_mirrors, dk_noncrumbling_4,
          chequers_serial_rivers_small_b, chequers_serial_rivers_room_a,
          dreamdust_mushroom_princess, uniq_ijyb
D:4:      layout_basic
D:5:      kennysheep_kobold_camp, layout_basic,
          mainiacjoe_overflow_small_starburst, temple_pool_b,
          minmay_misc_feat_cross
D:6:      layout_basic, uniq_grinder, uniq_sigmund, uniq_edmund
D:7:      layout_loops_cross, amcnicky_altar_gilded, zin_scriptorium,
          chequers_temple_overflow_statue_of_worship,
          nicolae_ru_sacrificial_ziggurat, hellmonk_guarded_unrand_frostbite,
          uniq_joseph, uniq_crazy_yiuf_cottage
Temple:   cyrus_circular_temple

Skill      XL: |  1  2  3  4  5  6  7  8  9 |
---------------+----------------------------+-----
Polearms       | 3 4 5 6 7 |  7.0
Dodging        | 3 4 5 6 8 9 |  9.5
Armour         | 1 2 3 4 5 6 |  6.3
Fighting       | 3 4 5 6 7 |  7.3
Throwing       | |  1.7

Action                     |  1- 3 |  4- 6 |  7- 9 || total
---------------------------+-------+-------+-------++-------
  Melee: Trident           |   118 |   191 |   344 ||   653
         Punch             |       |     3 |     6 ||     9
         Spear             |       |       |    13 ||    13
  Throw: Throwing net      |       |       |     5 ||     5
    Use: Scroll            |     8 |     5 |     9 ||    22
         Potion            |       |       |     6 ||     6
   Stab: Sleeping          |     1 |     1 |     3 ||     5
         Held in net/web   |       |       |     2 ||     2
         Invisible         |       |       |     1 ||     1
 Armour: Leather armour    |    20 |    48 |    58 ||   126
         Skin              |       |       |    14 ||    14
  Dodge: Dodged            |    42 |   103 |   199 ||   344

Table legend: (Time is in decaauts)
 A = Elapsed time spent in this place.
 B = Non-inter-level travel time spent in this place.
 C = Inter-level travel time spent in this place.
 D = Time resting spent in this place.
 E = Time spent auto-exploring this place.
 F = Levels seen in this place.
 G = Mean time per level.
                   A        B        C        D        E       F      G
               +--------+--------+--------+--------+--------+-----+--------+
         Total |   9146 |   9000 |    146 |   1401 |   6123 |   8 | 1143.2 |
       Dungeon |   9080 |   8934 |    146 |   1401 |   6089 |   7 | 1297.1 |
        Temple |     65 |     65 |      0 |      0 |     34 |   1 |   65.0 |
               +--------+--------+--------+--------+--------+-----+--------+

Top non-repeatable levels by time:
     D:6: 1934 daAuts
     D:5: 1651 daAuts
     D:7: 1423 daAuts
     D:4: 1396 daAuts
     D:3: 1067 daAuts
     D:2: 829 daAuts
     D:1: 778 daAuts
  Temple: 65 daAuts
